 Dungeon Crawl Stone Soup version 0.20.1-1-g8b1a95d (webtiles) character file.

2636 Smithy the Shield-Bearer (level 9, -9/78 HPs)
             Began as a Deep Dwarf Fighter on Oct 27, 2017.
             Was a Follower of Cheibriados.
             Mangled by a catoblepas (12 damage)
             ... on level 10 of the Dungeon.
             The game lasted 00:33:05 (5723 turns).

Smithy the Shield-Bearer (Deep Dwarf Fighter)       Turns: 5723, Time: 00:33:06

Health: -9/78      AC: 16    Str: 25    XL:     9   Next: 35%
Magic:  0/0        EV:  3    Int: 13    God:    Cheibriados [*.....]
Gold:   335        SH:  0    Dex: 15    Spells: 6/8 levels left

rFire    . . .     SeeInvis .   a - +1 long sword (freeze)
rCold    + . .     Gourm    .   c - +0 shield
rNeg     . . .     Faith    .   l - +0 plate armour
rPois    .         Spirit   .   (no helmet)
rElec    .         Reflect  .   (no cloak)
rCorr    .         Harm     +   (no gloves)
MR       +....                  (no boots)
Stlth    ..........             e - amulet of harm
Regen    0.0/turn               B - +3 ring of protection
MPRegen  0.1/turn               y - ring of protection from cold

@: petrifying, very slightly contaminated, non-regenerating, invisible, very
slow
A: damage resistance, heal wounds, sense surroundings 2, no regeneration
a: Heal Wounds, Bend Time, Renounce Religion


You were on level 10 of the Dungeon.
You worshipped Cheibriados.
Cheibriados was aware of your devotion.
You were not hungry.

You visited 2 branches of the dungeon, and saw 11 of its levels.

You collected 431 gold pieces.
You spent 96 gold pieces at shops.

Inventory:

Hand Weapons
 a - a +1 long sword of freezing (weapon)
Armour
 b - a +0 scale mail
 c - a +0 shield (worn)
 l - a +0 plate armour (worn)
Jewellery
 e - an amulet of harm (around neck)
 y - a ring of protection from cold (right hand)
 B - a +3 ring of protection (left hand)
Wands
 g - a wand of paralysis (16/24)
 v - a wand of flame (42/48)
 G - a wand of scattershot (2/9)
Scrolls
 w - 2 scrolls of fog
 C - 3 scrolls of remove curse
 K - a scroll of blinking
Potions
 d - a potion of might
 k - a potion of curing
 o - a potion of degeneration
 p - 3 potions of flight
 q - 2 potions of haste
 r - 5 potions of brilliance
 t - 3 potions of ambrosia
 u - a potion of agility {unknown}
 A - 3 potions of magic
 D - 2 potions of resistance {unknown}
 E - a potion of berserk rage {unknown}
Books
 i - a book of Air

   Spells                             Type                      Level
   a - Shock                          Conjuration/Air              1
   b - Swiftness                      Charms/Air                   2
   c - Static Discharge               Conjuration/Air              3
   d - Airstrike                      Air                          4
   e - Lightning Bolt                 Conjuration/Air              5
 H - a book of Cantrips

   Spells                             Type                      Level
   a - Confusing Touch                Hexes                        1
   b - Animate Skeleton               Necromancy                   1
   c - Summon Small Mammal            Summoning                    1
   d - Apportation                    Translocation                1
 J - a book of Changes

   Spells                             Type                      Level
   a - Beastly Appendage              Transmutation                1
   b - Sticks to Snakes               Transmutation                2
   c - Spider Form                    Transmutation/Poison         3
   d - Ice Form                       Ice/Transmutation            4
   e - Blade Hands                    Transmutation                5
Comestibles
 f - 2 bread rations
 h - 7 fruits
 s - 2 royal jellies


   Skills:
 + Level 3.9 Fighting
 * Level 7.2 Long Blades
 * Level 7.3 Armour
 + Level 1.3 Dodging
 * Level 4.0 Stealth
 * Level 7.6 Shields
 * Level 1.8 Summonings
 * Level 4.2 Evocations


You had 6 spell levels left.
You knew the following spells:

 Your Spells              Type           Power        Failure   Level  Hunger
a - Shock                 Conj/Air       #...         100%        1    ##.....
b - Summon Small Mammal   Summ           #...         99%         1    ##.....


Dungeon Overview and Level Annotations

Branches:
Dungeon (10/15)            Temple (1/1) D:6             Orc (0/2) D:9
   Lair: D:8-11

Altars:
Ashenzari
Cheibriados
Dithmenos
Elyvilon
Fedhas
Gozag
Hepliaklqana
Kikubaaqudgha
Makhleb
Nemelex Xobeh
Okawaru
Qazlal
Ru
Sif Muna
Trog
Uskayaw
Vehumet
Xom
Yredelemnul
Zin
The Shining One

Shops:
D:7 ?

Annotations:
D:6 Menkaure
D:9 KoningWillie's ghost, novice MiFi


Innate Abilities, Weirdness & Mutations

You are resistant to damage.
You can heal yourself by infusing magical energy.
You passively map the area around you.
You do not regenerate.


Message History

The hippogriff screeches!
The catoblepas breathes a plume of calcifying dust at you.
The blast of calcifying dust hits you!
The catoblepas breathes a plume of calcifying dust at you.
The blast of calcifying dust hits you!
The catoblepas breathes a plume of calcifying dust at you.
The blast of calcifying dust hits you!
You fade into invisibility!
The catoblepas gores you!!
* * * LOW HITPOINT WARNING * * *
The ogre is engulfed in calcifying dust.
The ogre stops moving altogether!
You are very lightly contaminated with residual magic.
The ogre is engulfed in calcifying dust.
The catoblepas breathes a plume of calcifying dust at you.
The blast of calcifying dust hits you!
The catoblepas rams the ground with its head heavily.
You are slowing down.
The catoblepas gores you!
You die...

*, , ...>, * #######
#,## [... ,, ,
#....(# #.#.# #.. ,*
*, * #####.# $.......
, ,.+ , #.#
*#.#.#.###...# * * *
* #.# #....O......#,,
, #.# ,#.#)## **####
####### #.#
,#...H#######..#
#.##..## #.#
,#..#OO.....Y@ยง#
#.##...###.# * *
##...########.#
#........#.# ##.##
######.###..#####...#
* * #. #.........#.#
#.### #.
#.#######.#.# #.# #.*
* #.#.# #.# #.* * ,
#...#####.# #. ,*,,
#.........# *, , ,
#.#.##.##.####


You could see a catoblepas and an ogre (petrified).

Vanquished Creatures
  A two-headed ogre (D:9)
  A steam dragon (D:10)
  A water moccasin (D:10)
  3 sky beasts
  3 ice beasts
  2 orc warriors
  An ogre (D:7)
  A centaur (D:7)
  2 bullfrogs (D:7)
  A water moccasin skeleton (D:5)
  3 scorpions
  A howler monkey (D:6)
  2 bullfrog skeletons
  A jelly (D:5)
  A centaur skeleton (D:7)
  A hound (D:7)
  An orc wizard (D:10)
  An iguana (D:7)
  Ijyb (D:2)
  2 worker ants
  2 hound zombies
  A hound skeleton (D:5)
  A gnoll (D:2)
  9 adders
  An ooze (D:6)
  2 adder skeletons (D:4)
  2 worms
  2 dart slugs
  4 leopard geckos
  24 orcs
  3 ball pythons
  7 giant cockroaches
  11 goblins
  2 hobgoblins
  10 jackals
  5 kobolds
  3 quokkas
  6 bats
  3 frilled lizards
  5 rats
133 creatures vanquished.

Vanquished Creatures (others)
  An orc (D:10)
1 creature vanquished.

Grand Total: 134 creatures vanquished

Notes
Turn   | Place    | Note
-------+----------+-------------------------------------------
     0 | D:1      | Smithy the Deep Dwarf Fighter began the quest for the Orb.
     0 | D:1      | Reached XP level 1. HP: 20/20 MP: 1/1
   291 | D:1      | Reached XP level 2. HP: 24/27 MP: 2/2
   509 | D:1      | Found a shattered altar of Ashenzari.
  1145 | D:2      | Reached XP level 3. HP: 30/33 MP: 3/3
  1344 | D:2      | Reached XP level 4. HP: 37/40 MP: 4/4
  1714 | D:2      | Noticed Ijyb
  1767 | D:2      | Paralysed by Ijyb for 5 turns
  1784 | D:2      | Killed Ijyb
  1996 | D:3      | Found a blossoming altar of Fedhas.
  2062 | D:3      | Reached XP level 5. HP: 43/48 MP: 5/5
  2514 | D:4      | Found a sacrificial altar of Ru.
  2514 | D:4      | Found a deep blue altar of Sif Muna.
  2582 | D:4      | Found an opulent altar of Gozag.
  2612 | D:4      | Noticed an ogre
  2913 | D:5      | Entered Level 5 of the Dungeon
  2971 | D:5      | Reached skill level 5 in Shields
  3070 | D:5      | Found an iron altar of Okawaru.
  3088 | D:5      | Reached XP level 6. HP: 45/56 MP: 3/3
  3165 | D:5      | Noticed an ice beast
  3181 | D:5      | Killed an ice beast
  3181 | D:5      | Reached skill level 1 in Stealth
  3435 | D:5      | Noticed a sky beast
  3508 | D:5      | Killed a sky beast
  3508 | D:5      | Reached skill level 5 in Long Blades
  3508 | D:5      | Reached skill level 5 in Armour
  3508 | D:5      | Reached skill level 1 in Evocations
  3508 | D:5      | Reached XP level 7. HP: 47/62 MP: 3/5
  3826 | D:6      | Found a staircase to the Ecumenical Temple.
  3872 | Temple   | Entered the Ecumenical Temple
  4073 | Temple   | Became a worshipper of Cheibriados the Contemplative
  4194 | D:6      | Noticed Menkaure
  4544 | D:7      | Learned a level 1 spell: Shock
  4710 | D:7      | Reached XP level 8. HP: 55/69 MP: 5/5
  4734 | D:7      | Reached * piety under Cheibriados
  4793 | D:7      | Learned a level 1 spell: Summon Small Mammal
  4854 | D:7      | Found Zerac's Magic Scroll Shop.
  4858 | D:7      | Bought a scroll of remove curse for 36 gold pieces
  4858 | D:7      | Bought a scroll of identify for 24 gold pieces
  4858 | D:7      | Bought a scroll of remove curse for 36 gold pieces
  4902 | D:7      | Noticed a hornet
  4907 | D:7      | Paralysed by a hornet for 2 turns
  4911 | D:7      | Paralysed by a hornet for 1 turns
  4995 | D:7      | Paralysed by a hornet for 1 turns
  5279 | D:8      | Noticed a two-headed ogre
  5281 | D:8      | Noticed a brown ugly thing
  5324 | D:9      | Killed a two-headed ogre
  5324 | D:9      | Reached skill level 1 in Summonings
  5324 | D:9      | Gained mutation: You passively map the area around you. [Deep Dwarf growth]
  5324 | D:9      | Reached XP level 9. HP: 29/78 MP: 0/2
  5393 | D:9      | Found a staircase to the Orcish Mines.
  5422 | D:9      | Reached skill level 1 in Dodging
  5464 | D:9      | Noticed KoningWillie's ghost (novice MiFi)
  5489 | D:10     | Entered Level 10 of the Dungeon
  5710 | D:10     | Noticed a catoblepas
  5711 | D:10     | Noticed a two-headed ogre
  5719 | D:10     | HP: 3/78 [catoblepas (23)]
  5723 | D:10     | Mangled by a catoblepas

Skill      XL: |  1  2  3  4  5  6  7  8  9 |
---------------+----------------------------+-----
Shields        | 4 5 7 |  7.6
Armour         | 4 5 6 7 |  7.3
Long Blades    | 3 4 5 6 7 |  7.2
Fighting       | 3 |  3.9
Stealth        | 1 2 3 4 |  4.0
Evocations     | 1 2 4 |  4.2
Summonings     | 1 |  1.8
Dodging        | 1 |  1.3

Action                   |  1- 3 |  4- 6 |  7- 9 || total
-------------------------+-------+-------+-------++-------
Melee: Long sword        |   132 |   315 |   210 ||   657
Invok: Bend Time         |       |       |     1 ||     1
 Abil: Heal Wounds       |     2 |     8 |    24 ||    34
  Use: Scroll            |     3 |    14 |    10 ||    27
       Potion            |       |       |     6 ||     6
  Eat: Chunk             |     2 |     7 |     8 ||    17
Armor: Plate armour      |    82 |   195 |   159 ||   436
       Scale mail        |     2 |       |       ||     2
Dodge: Dodged            |    15 |    57 |    43 ||   115
Block: Shield            |    77 |   165 |   170 ||   412
       Rpst.: Long sword |     4 |    21 |    14 ||    39
